 Dungeon Crawl Stone Soup version 0.24.1-14-gf8d2b509d9 (console) character file.

Game seed: 3967133698348790671, levelgen mode: deterministic

220351 Kagalorn the Omniscient (level 19, 0/149 HPs)
             Began as a Gnoll Wanderer on Mar 10, 2021.
             Was the Champion of Ashenzari.
             Killed from afar by a merfolk aquamancer (4 damage)
             ... with a ball of steam
             ... on level 4 of the Shoals on Mar 11, 2021.
             The game lasted 02:15:02 (47141 turns).

Kagalorn the Omniscient (Gnoll Wanderer)           Turns: 47141, Time: 02:15:02

Health: 0/149      AC: 42    Str: 29    XL:     19   Next: 17%
Magic:  35/35      EV: 12    Int: 19    God:    Ashenzari [******]
Gold:   1459       SH: 18    Dex: 12    Spells: 35/42 levels left

rFire    + + .     SeeInvis +   a - +3 broad axe
rCold    . . .     Gourm    .   L - +3 shield (curse)
rNeg     + . .     Faith    .   q - +8 orange crystal plate armour {Archmagi, Int+3 Clar} (curse)
rPois    +         Spirit   .   v - +0 mask of the Dragon {MR+ Slay+3 SInv} (curse)
rElec    .         Reflect  .   Y - +0 cloak {MR+} (curse)
rCorr    .         Harm     .   J - +3 pair of gloves "Elueq" {rF+ rN+} (curse)
MR       +++..     Clarity  +   H - +1 pair of boots {Fly}
Stlth    ..........             V - amulet of Tuvebou {Acrobat Str+5 Slay+2 Stlth-} (curse)
HPRegen  0.34/turn              i - ring of protection from fire
MPRegen  0.24/turn              b - ring of poison resistance

@: engulfed (cannot breathe), flying
A: distributed training, fangs 1, strong nose
}: 1/15 runes: serpentine
a: Curse Item, Scrying, Renounce Religion, Stop Flying


You were on level 4 of the Shoals.
You worshipped Ashenzari.
Ashenzari was exalted by your worship.
You were very hungry.

You visited 6 branches of the dungeon, and saw 32 of its levels.
You also visited: Bailey, Ice Cave and Volcano.

You collected 3631 gold pieces.
You spent 2172 gold pieces at shops.

Inventory:

Hand Weapons
 a - a +3 broad axe (weapon)
Missiles
 c - 29 silver javelins
 t - 7 throwing nets
 y - 33 javelins (quivered)
Armour
 q - the cursed +8 orange crystal plate armour (worn) {Archmagi, Int+3 Clar}
   (You found it on level 6 of the Lair of Beasts)

   It affects your intelligence (+3).
   It protects you against confusion.
   It has a curse placed upon it.
 v - the cursed +0 mask of the Dragon (worn) {MR+ Slay+3 SInv}
   (You found it on level 2 of the Lair of Beasts)

   It affects your accuracy and damage with ranged weapons and melee attacks
   (+3).
   It affects your resistance to hostile enchantments.
   It lets you see invisible.
   It has a curse placed upon it.
 H - a +1 pair of boots of flying (worn)
 J - the cursed +3 pair of gloves "Elueq" (worn) {rF+ rN+}
   (You bought it in a shop on level 15 of the Dungeon)

   It protects you from fire.
   It protects you from negative energy.
   It has a curse placed upon it.
 L - a cursed +3 shield (worn)
 Y - a cursed +0 cloak of magic resistance (worn)
Jewellery
 b - a ring of poison resistance (right hand)
 i - a ring of protection from fire (left hand)
 E - an uncursed ring of resist corrosion
 V - the cursed amulet of Tuvebou (around neck) {Acrobat Str+5 Slay+2 Stlth-}
   (You bought it in a shop on level 4 of the Dungeon)

   [amulet of the acrobat]

   It helps you evade while moving and waiting.
   It affects your strength (+5).
   It affects your accuracy and damage with ranged weapons and melee attacks
   (+2).
   It makes you less stealthy.
   It has a curse placed upon it.
 X - an uncursed ring of protection from cold
Wands
 e - a wand of iceblast (19)
 j - a wand of digging (3)
 r - a wand of enslavement (21)
 w - a wand of clouds (15)
 z - a wand of scattershot (3)
 C - a wand of paralysis (19)
 R - a wand of acid (13)
Scrolls
 k - 17 scrolls of identify
 l - 8 scrolls of remove curse
 n - 2 scrolls of summoning
 p - 8 scrolls of enchant armour
 u - 3 scrolls of magic mapping
 x - 9 scrolls of teleportation
 M - 2 scrolls of blinking
 N - a scroll of brand weapon
 O - 4 scrolls of fear
 P - 4 scrolls of enchant weapon
 Q - 4 scrolls of vulnerability
 W - 5 scrolls of fog
 Z - 2 scrolls of silence
Potions
 d - 9 potions of curing
 g - 5 potions of berserk rage
 h - a potion of cancellation
 m - 2 potions of heal wounds
 o - 3 potions of mutation
 s - 5 potions of agility
 B - 5 potions of resistance
 F - 2 potions of brilliance
 G - 4 potions of lignification
 I - 4 potions of might
 K - 2 potions of haste
 S - 2 potions of magic
 T - 2 potions of invisibility
Miscellaneous
 A - a lamp of fire
 D - a box of beasts
 U - 2 sacks of spiders
Comestibles
 f - 31 rations


   Skills:
 + Level 13.1 Fighting
 + Level 12.4 Short Blades
 + Level 12.4 Long Blades
 + Level 13.1 Axes
 + Level 12.4 Maces & Flails
 + Level 12.4 Polearms
 + Level 12.4 Staves
 + Level 12.4 Slings
 + Level 13.1 Bows
 + Level 12.4 Crossbows
 + Level 12.7 Throwing
 + Level 13.1(17.2) Armour
 + Level 12.4 Dodging
 + Level 12.6 Stealth
 + Level 12.4(15.1) Shields
 + Level 12.4 Unarmed Combat
 + Level 12.4 Spellcasting
 + Level 10.7 Conjurations
 + Level 10.7 Hexes
 + Level 10.7 Charms
 + Level 10.7 Summonings
 + Level 10.7 Necromancy
 + Level 10.7 Translocations
 + Level 10.7 Transmutations
 + Level 10.7 Fire Magic
 + Level 10.7 Ice Magic
 + Level 10.7 Air Magic
 + Level 10.7 Earth Magic
 + Level 10.7 Poison Magic
 + Level 13.4 Invocations
 + Level 12.4 Evocations


You had 35 spell levels left.
You knew the following spells:

 Your Spells              Type           Power        Failure   Level  Hunger
h - Blink                 Tloc           N/A          1%          2    None
p - Silence               Hex/Air        ######....   28%         5    ####...

Your spell library contained the following spells:

 Spells                   Type           Power        Failure   Level  Hunger
 Confusing Touch          Hex            ######       1%          1    None
 Corona                   Hex            ######.      1%          1    None
 Magic Dart               Conj           ####         1%          1    None
 Sting                    Conj/Pois      ####         1%          1    None
 Call Imp                 Summ           ######..     1%          2    None
 Ensorcelled Hibernation  Hex/Ice        ######       1%          2    None
 Poisonous Vapours        Pois/Air       ######       1%          2    None
 Searing Ray              Conj           ######       1%          2    None
 Slow                     Hex            ######..     1%          2    None
 Confuse                  Hex            ######..     3%          3    None
 Conjure Flame            Conj/Fire      ######..     3%          3    None
 Dazzling Spray           Conj/Hex       ######       3%          3    None
 Gell's Gravitas          Tloc           ######....   3%          3    None
 Mephitic Cloud           Conj/Pois/Air  ######..     3%          3    None
 Static Discharge         Conj/Air       ######..     3%          3    None
 Tukima's Dance           Hex            ######..     3%          3    None
 Force Lance              Conj/Tloc      ######..     10%         4    #......
 Fulminant Prism          Conj/Hex       ######....   10%         4    #......
 Iskenderun's Mystic Bla  Conj           ######..     10%         4    #......
 Olgreb's Toxic Radiance  Pois           ######..     10%         4    #......
 Petrify                  Tmut/Erth      ######..     10%         4    #......
 Borgnjor's Vile Clutch   Necr/Erth      ######....   28%         5    ####...
 Lightning Bolt           Conj/Air       ######....   28%         5    ####...
 Metabolic Englaciation   Hex/Ice        ######....   28%         5    ####...
 Venom Bolt               Conj/Pois      ######....   28%         5    ####...
 Yara's Violent Unravell  Hex/Tmut       ######....   28%         5    ####...
 Darkness                 Hex            ######....   83%         6    ######.
 Shadow Creatures         Summ           N/A          83%         6    ######.
 Ignition                 Fire           ######....   100%        8    #######
 Shatter                  Erth           ######....   100%        9    #######
 Tornado                  Air            ######....   100%        9    #######


Dungeon Overview and Level Annotations

Branches:
Dungeon (15/15)            Temple (1/1) D:7            Lair (6/6) D:9
 Shoals (4/4) Lair:2        Snake (4/4) Lair:2        Slime (0/5) Lair:6
    Orc (2/2) D:9             Elf (0/3) Orc:2        Vaults (0/5) D:14
 Depths (0/5) D:15         Bailey (visited)           IceCv (visited)
Volcano (visited)

Altars:
Ashenzari
Cheibriados
Dithmenos
Elyvilon
Fedhas
Gozag
Hepliaklqana
Kikubaaqudgha
Makhleb
Nemelex Xobeh
Okawaru
Qazlal
Ru
Sif Muna
Trog
Uskayaw
Vehumet
Wu Jian
Xom
Yredelemnul
Zin
The Shining One
Beogh
Jiyva

Shops:
D:4 !(=[!   D:7 *   D:12 (   D:15 *}[*=}   Orc:2 :==(?   Snake:3 [   Snake:4 *

Portals:
Trove: D:14 (give +4 fire dragon scales)

Annotations:
D:6 3 runed translucent doors, ciphuk's ghost, novice KoHu
D:7 exclusion: oklob plant
Lair:6 1 runed translucent door
Shoals:1 2 transporters
Shoals:4 1 transporter
Snake:4 1 runed translucent door, kalodont's ghost, adept KoEn


Innate Abilities, Weirdness & Mutations

Your experience applies equally to all skills.
You have very sharp teeth.
Your uncanny sense of smell can sniff out nearby items.


Message History

The merfolk siren hits you but does no damage.
The merfolk hits you from afar with a +2 trident of venom!
* * * LOW HITPOINT WARNING * * *
The merfolk aquamancer hits you but does no damage.
The water elemental hits you.
Press: ? - help, v - describe, . - travel, g - get item
Here: a water elemental (lightly damaged)
A +0 rapier.
There is something else lying underneath.
Some shallow water.
You rip the net and break free!
* * * LOW HITPOINT WARNING * * *
Your lungs strain for air!
A wind drake comes into view.
You block the merfolk's attack.
The merfolk throws a boomerang.
You block the boomerang.
The weapon returns to the merfolk!
The merfolk closely misses you.
The merfolk aquamancer points at you and mumbles some strange words.
The ball of steam hits you. You resist.
You die...

≈≈≈≈...P≈PP≈≈PP≈≈≈≈≈#, ..{# ≈≈
≈≈≈≈≈≈..≈≈≈PP≈≈P≈≈≈≈# ,φk.# ≈
≈≈P.P....P≈≈≈§P≈≈≈≈≈#, ...#,, ≈
.PP≈≈....m≈≈PP≈(≈...## ..# ,..
.≈P......≈≈≈≈(≈...m..##'##....≈≈≈
≈.≈, #...≈≈≈)≈≈..§............ ,
≈≈≈. ##.....≈≈≈m≈§............,
≈...###.##<.≈≈(≈§E............≈ ≈
≈≈≈≈....)#.≈≈≈m<@m.......%.... ≈≈
≈≈≈.≈≈≈≈..≈≈≈≈≈≈≈≈............
≈≈≈≈..≈≈[≈(≈≈≈≈≈m≈m..........≈≈
≈≈≈≈≈≈.((≈≈≈≈≈≈≈≈≈≈....≈≈≈.≈≈≈≈≈≈
≈≈≈≈≈≈...≈≈≈≈≈≈≈≈≈≈≈##'##≈≈≈≈≈ ≈
≈≈≈≈≈≈≈≈≈≈≈≈≈≈≈≈≈≈≈## ≈≈##≈≈≈≈ ≈
≈≈≈≈≈≈≈≈≈(((≈≈≈≈≈≈≈#≈ ≈≈≈*≈ ≈≈
≈≈≈(≈≈≈≈(≈≈(≈.≈≈k≈≈# ≈∆≈≈ ≈ ≈ ≈
(<≈≈((((.≈.......≈≈* ,, *≈ ≈


You could see 2 merfolk aquamancers, a wind drake (wandering), 4 merfolk, a
water elemental and a merfolk siren.

Vanquished Creatures
  Jorgrun (Shoals:2)
  The ghost of Kihiaggiup the Slayer, an adept HOFi of Okawaru (Snake:1)
  Gastronok (D:11)
  The ghost of Faexkuc the Peltast, an adept HOCK of Xom (Snake:1)
  2 krakens (Shoals:2)
  Kirke (Shoals:2)
  9 nagarajas
  A frost giant (IceCv)
  Louise (Shoals:2)
  An ironheart preserver (D:14)
  2 entropy weavers
  A dire elephant (Lair:6)
  3 merfolk javelineers
  Josephine (Snake:1)
  2 fire dragons
  2 merfolk impalers
  Harold (D:11)
  2 catoblepae
  9 hydras
  15 naga warriors
  The ghost of LordRappington the Severer, a journeyman MiBe of Trog (D:11)
  9 anacondas
  3 merfolk avatars
  5 merfolk aquamancers
  4 centaur warriors
  4 two-headed ogres
  2 satyrs (Shoals:3)
  4 death yaks
  A queen ant (D:11)
  The ghost of Tartanist the Tainter, a novice NaVM of Cheibriados (D:10)
  2 shock serpents
  18 naga sharpshooters
  Nergalle (Lair:2)
  A salamander mystic (Snake:3)
  13 sea snakes
  7 naga ritualists
  3 unseen horrors
  A swamp dragon (Lair:6)
  An obsidian statue (Volcano)
  A wizard (D:15)
  A lindwurm (Lair:6)
  Pikel (D:4)
  12 harpies
  4 orc knights (Orc:1)
  6 mana vipers
  9 fauns
  2 deep elf magi
  A necromancer (D:15)
  17 ugly things
  3 orc sorcerers
  3 wolf spiders
  5 cyclopes
  9 salamanders
  14 manticores
  Maurice (D:11)
  13 elephants
  5 guardian serpents
  6 merfolk sirens
  2 centaur zombies
  14 naga magi
  4 water nymphs
  32 black mambas
  An ice statue (IceCv)
  8 spiny frogs
  A smoke demon (Volcano)
  7 komodo dragons
  6 rime drakes
  2 kobold demonologists
  5 trolls
  A red devil (Volcano)
  20 merfolk
  A queen bee (D:10)
  18 polar bears
  A wolf spider simulacrum (D:15)
  6 blink frogs
  5 wind drakes
  2 hornets (D:10)
  A slime creature (Snake:2)
  14 hippogriffs
  4 snapping turtles
  5 dream sheep
  A centaur simulacrum (D:15)
  3 water elementals
  A shadow (D:12)
  A vampire (D:14)
  A wyvern (D:13)
  65 yaks
  8 hogs
  8 wraiths
  4 fire bats (Volcano)
  3 hungry ghosts
  Grum (D:11)
  A human (D:8)
  2 vampire mosquitoes (D:13)
  A steam dragon (Lair:6)
  48 nagas
  4 wargs
  20 soldier ants
  2 hell hounds (Volcano)
  2 acid dragons
  14 water moccasins
  46 orc warriors
  A hornet zombie (D:9)
  8 porcupines
  2 swamp drakes (Lair:6)
  3 ice beasts
  2 sky beasts
  2 eyes of draining
  4 black bears
  7 phantoms
  2 necrophages
  19 wolves
  3 boggarts
  40 centaurs
  12 ogres
  17 crocodiles
  3 big kobolds
  11 bullfrogs
  A wyvern skeleton (D:10)
  3 scorpions
  9 wights
  5 killer bees (D:10)
  9 electric eels
  2 howler monkeys
  9 crimson imps
  10 lava snakes
  A bullfrog zombie (D:11)
  2 quasits
  3 iron imps (D:6)
  3 jellies
  8 hounds
  16 orc priests
  3 bullfrog skeletons
  10 centaur skeletons
  4 iguanas
  18 orc wizards
  23 worker ants
  2 hound zombies
  A hound skeleton (D:6)
  3 worker ant zombies
  A howler monkey zombie (D:10)
  21 adders
  3 shadow imps
  3 oozes
  An adder zombie (D:5)
  An adder skeleton (D:7)
  4 worms
  A dart slug (D:1)
  8 leopard geckos
  109 orcs
  4 ball pythons
  6 bats
  7 giant cockroaches
  13 goblins
  8 hobgoblins
  11 jackals
  20 kobolds
  6 quokkas
  A frilled lizard (D:1)
  A jackal zombie (D:6)
  15 rats
  A fungus (D:12)
  3 plants
  3 tentacles (Shoals:2)
1179 creatures vanquished.

Vanquished Creatures (others)
  2 merfolk aquamancers (Shoals:1)
  A manticore (Lair:6)
  A black mamba (Snake:2)
  A naga mage (Snake:2)
  A rime drake (Lair:6)
  A snapping turtle (Shoals:2)
  3 humans (Shoals:2)
  2 slaves (D:4)
  A wolf (IceCv)
  A wight (D:10)
  A howler monkey (D:4)
  A hound (D:4)
  An orc (Orc:2)
  A quokka (D:14)
  8 fungi
  18 plants
  12 tentacles (Shoals:2)
  4 toadstools (D:12)
60 creatures vanquished.

Grand Total: 1239 creatures vanquished

Notes
Turn   | Place    | Note
-------+----------+-------------------------------------------
     0 | D:1      | Kagalorn the Gnoll Wanderer began the quest for the Orb.
     0 | D:1      | Kagalorn set off with the following items: a +2 shortbow,
                  | 23 arrows, a +0 hand axe, a potion of curing, a +0 robe, a
                  | ration
     0 | D:1      | Reached XP level 1. HP: 20/20 MP: 1/1
    56 | D:1      | Reached XP level 2. HP: 13/26 MP: 2/2
   452 | D:1      | Reached XP level 3. HP: 12/31 MP: 3/3
   929 | D:2      | Reached skill level 1 in Invocations
   985 | D:1      | Reached skill level 1 in Short Blades
   985 | D:1      | Reached skill level 1 in Long Blades
   985 | D:1      | Reached skill level 1 in Maces & Flails
   985 | D:1      | Reached skill level 1 in Polearms
   985 | D:1      | Reached skill level 1 in Staves
   985 | D:1      | Reached skill level 1 in Slings
   985 | D:1      | Reached skill level 1 in Crossbows
   985 | D:1      | Reached skill level 1 in Dodging
   985 | D:1      | Reached skill level 1 in Shields
   985 | D:1      | Reached skill level 1 in Unarmed Combat
   985 | D:1      | Reached skill level 1 in Spellcasting
   985 | D:1      | Reached skill level 1 in Evocations
  1259 | D:2      | Reached XP level 4. HP: 31/38 MP: 5/5
  1958 | D:3      | Reached skill level 1 in Conjurations
  1958 | D:3      | Reached skill level 1 in Hexes
  1958 | D:3      | Reached skill level 1 in Charms
  1958 | D:3      | Reached skill level 1 in Summonings
  1958 | D:3      | Reached skill level 1 in Necromancy
  1958 | D:3      | Reached skill level 1 in Translocations
  1958 | D:3      | Reached skill level 1 in Transmutations
  1958 | D:3      | Reached skill level 1 in Fire Magic
  1958 | D:3      | Reached skill level 1 in Ice Magic
  1958 | D:3      | Reached skill level 1 in Air Magic
  1958 | D:3      | Reached skill level 1 in Earth Magic
  1958 | D:3      | Reached skill level 1 in Poison Magic
  2171 | D:3      | Reached XP level 5. HP: 43/43 MP: 6/6
  2715 | D:4      | Reached XP level 6. HP: 32/50 MP: 8/8
  2754 | D:4      | Noticed Pikel
  2754 | D:4      | Noticed a slave
  2757 | D:4      | Noticed a slave
  2760 | D:4      | Noticed a slave
  2761 | D:4      | Noticed a slave
  2779 | D:4      | Killed Pikel
  2779 | D:4      | Reached skill level 5 in Fighting
  2779 | D:4      | Reached skill level 5 in Axes
  2779 | D:4      | Reached skill level 5 in Bows
  2779 | D:4      | Reached skill level 5 in Armour
  2779 | D:4      | Reached XP level 7. HP: 38/56 MP: 8/10
  2942 | D:4      | Found a shattered altar of Ashenzari.
  2942 | D:4      | Found a glowing silver altar of Zin.
  2947 | D:4      | Became a worshipper of Ashenzari the Shackled
  2981 | D:4      | Found Wibby's Antique Armour Emporium.
  2984 | D:4      | Found Don Par's Distillery.
  3001 | D:4      | Bought a potion of heal wounds for 60 gold pieces
  3001 | D:4      | Bought a potion of lignification for 36 gold pieces
  3001 | D:4      | Bought a potion of flight for 36 gold pieces
  3001 | D:4      | Bought a potion of might for 48 gold pieces
  3221 | D:4      | Reached XP level 8. HP: 61/63 MP: 12/12
  3223 | D:4      | Found Foathu's Weapon Boutique.
  3231 | D:4      | Found Ecweehong's Jewellery Shop.
  3598 | D:4      | Found Ruov's Distillery.
  3601 | D:4      | Bought a potion of berserk rage for 70 gold pieces
  3833 | D:5      | Entered Level 5 of the Dungeon
  4294 | D:5      | Reached * piety under Ashenzari
  4875 | D:6      | Reached XP level 9. HP: 58/69 MP: 14/14
  5205 | D:6      | Found a runed translucent gate.
  5205 | D:6      | Found a runed translucent gate.
  5205 | D:6      | Found a runed translucent gate.
  5205 | D:6      | Noticed ciphuk's ghost (novice KoHu)
  5277 | D:6      | Found a burning altar of Makhleb.
  5552 | D:7      | Found Ulufeuth's Assorted Antiques.
  5558 | D:7      | Found a staircase to the Ecumenical Temple.
  5576 | D:7      | Bought a scroll labeled KAPNOCV CEPOCA for 21 gold pieces
  5576 | D:7      | Bought a scroll labeled MEPO CUMYMOADOLA for 21 gold pieces
  5576 | D:7      | Bought a scroll labeled USOLLU PEATONT for 21 gold pieces
  5652 | D:7      | Reached skill level 5 in Throwing
  5673 | Temple   | Entered the Ecumenical Temple
  6261 | D:7      | Found a sacrificial altar of Ru.
  6261 | D:7      | Noticed an oklob plant
  6358 | D:7      | Reached skill level 5 in Stealth
  6441 | D:8      | Found an ancient bone altar of Kikubaaqudgha.
  6669 | D:8      | Reached skill level 5 in Invocations
  6981 | D:9      | Reached XP level 10. HP: 76/76 MP: 17/17
  7009 | D:9      | Found a flagged portal.
  7055 | Bailey   | Entered a bailey
  7421 | Bailey   | Reached skill level 5 in Short Blades
  7421 | Bailey   | Reached skill level 5 in Long Blades
  7421 | Bailey   | Reached skill level 5 in Maces & Flails
  7421 | Bailey   | Reached skill level 5 in Polearms
  7421 | Bailey   | Reached skill level 5 in Staves
  7421 | Bailey   | Reached skill level 5 in Slings
  7421 | Bailey   | Reached skill level 5 in Crossbows
  7421 | Bailey   | Reached skill level 5 in Dodging
  7421 | Bailey   | Reached skill level 5 in Shields
  7421 | Bailey   | Reached skill level 5 in Unarmed Combat
  7421 | Bailey   | Reached skill level 5 in Spellcasting
  7421 | Bailey   | Reached skill level 5 in Evocations
  8540 | D:9      | Identified the cursed +0 buckler of Omission {rC+ rN+
                  | Str-5}
  8541 | D:9      | Found a staircase to the Lair.
  8920 | D:9      | Found a staircase to the Orcish Mines.
  9115 | D:9      | Reached XP level 11. HP: 50/83 MP: 19/19
  9200 | D:9      | Reached ** piety under Ashenzari
  9226 | D:9      | Identified a scroll of acquirement
  9390 | D:10     | Entered Level 10 of the Dungeon
  9396 | D:10     | Noticed a manticore
  9684 | D:10     | Killed a manticore
  9836 | D:10     | Noticed a deep elf mage
  9860 | D:10     | Killed a deep elf mage
  9942 | D:10     | Noticed a soul eater
  9953 | D:10     | Reached skill level 5 in Conjurations
  9953 | D:10     | Reached skill level 5 in Hexes
  9953 | D:10     | Reached skill level 5 in Charms
  9953 | D:10     | Reached skill level 5 in Summonings
  9953 | D:10     | Reached skill level 5 in Necromancy
  9953 | D:10     | Reached skill level 5 in Translocations
  9953 | D:10     | Reached skill level 5 in Transmutations
  9953 | D:10     | Reached skill level 5 in Fire Magic
  9953 | D:10     | Reached skill level 5 in Ice Magic
  9953 | D:10     | Reached skill level 5 in Air Magic
  9953 | D:10     | Reached skill level 5 in Earth Magic
  9953 | D:10     | Reached skill level 5 in Poison Magic
 10129 | D:10     | Found a transporter.
 10132 | D:10     | Found a transporter.
 10136 | D:10     | Noticed Tartanist's ghost (novice NaVM)
 10571 | D:11     | Noticed a cyan ugly thing
 10587 | D:11     | Killed a cyan ugly thing
 10697 | D:11     | Noticed Maurice
 11051 | D:11     | Noticed Gastronok
 11156 | Lair:1   | Entered Level 1 of the Lair of Beasts
 11156 | Lair:1   | Reached *** piety under Ashenzari
 11468 | Lair:1   | Noticed a four-headed hydra
 11870 | D:9      | Killed a four-headed hydra
 11870 | D:9      | Reached XP level 12. HP: 40/92 MP: 22/22
 12023 | Lair:1   | Found a blossoming altar of Fedhas.
 12591 | Lair:2   | Found a frozen archway.
 12667 | IceCv    | Entered an ice cave
 13568 | IceCv    | Noticed a frost giant
 13568 | IceCv    | Noticed a death yak
 13583 | IceCv    | Killed a death yak
 13596 | IceCv    | Killed a frost giant
 13596 | IceCv    | Reached XP level 13. HP: 49/100 MP: 24/24
 14252 | Lair:2   | Found a staircase to the Snake Pit.
 14340 | Lair:2   | Noticed Nergalle
 14736 | Lair:2   | Found the +0 mask of the Dragon {MR+ Slay+3 SInv}
 14817 | Lair:2   | Found a staircase to the Shoals.
 15029 | Lair:2   | Killed Nergalle
 15470 | Lair:3   | Reached **** piety under Ashenzari
 19137 | Lair:6   | Entered Level 6 of the Lair of Beasts
 19193 | Lair:6   | Found a dark tunnel.
 19236 | Volcano  | Entered a volcano
 19298 | Volcano  | Reached XP level 14. HP: 104/108 MP: 26/26
 19368 | Volcano  | Paralysed by an orc sorcerer for 2 turns
 19387 | Volcano  | Found a radiant altar of Vehumet.
 19392 | Volcano  | Identified the cursed +0 helmet of Gomaich {rPois}
 19402 | Volcano  | Paralysed by an orc sorcerer for 5 turns
 19404 | Volcano  | HP: 3/108 [smoke demon/divine providence (10)]
 20196 | Lair:6   | Reached skill level 10 in Fighting
 20196 | Lair:6   | Reached skill level 10 in Axes
 20196 | Lair:6   | Reached skill level 10 in Bows
 20196 | Lair:6   | Reached skill level 10 in Armour
 20254 | Lair:6   | Found a runed translucent door.
 20254 | Lair:6   | Found a viscous altar of Jiyva.
 20255 | Lair:6   | Found a staircase to the Slime Pits.
 20255 | Lair:6   | Noticed an azure jelly
 22147 | Lair:6   | Reached skill level 10 in Invocations
 23933 | Lair:6   | Noticed a dire elephant
 24765 | Lair:6   | Killed a dire elephant
 24854 | Lair:6   | Found the +8 orange crystal plate armour {Archmagi, Int+3
                  | Clar}
 25144 | D:11     | Found a runed translucent door.
 25144 | D:11     | Noticed LordRappington's ghost (journeyman MiBe)
 25214 | D:11     | Killed LordRappington's ghost
 25492 | D:11     | Killed Maurice
 25518 | D:11     | Noticed Harold
 25540 | D:11     | Killed Harold
 25540 | D:11     | Reached XP level 15. HP: 115/117 MP: 28/28
 25544 | D:11     | Noticed Grum
 25564 | D:11     | Killed Grum
 25680 | D:11     | Killed Gastronok
 25680 | D:11     | Reached skill level 10 in Throwing
 25995 | D:12     | Reached ***** piety under Ashenzari
 26099 | D:12     | Found Etumiusor's Weapon Shoppe.
 26331 | D:12     | Reached skill level 10 in Stealth
 28936 | D:14     | Found a portal to a secret trove of treasure.
 29014 | D:14     | Reached skill level 10 in Short Blades
 29014 | D:14     | Reached skill level 10 in Long Blades
 29014 | D:14     | Reached skill level 10 in Maces & Flails
 29014 | D:14     | Reached skill level 10 in Polearms
 29014 | D:14     | Reached skill level 10 in Staves
 29014 | D:14     | Reached skill level 10 in Slings
 29014 | D:14     | Reached skill level 10 in Crossbows
 29014 | D:14     | Reached skill level 10 in Dodging
 29014 | D:14     | Reached skill level 10 in Shields
 29014 | D:14     | Reached skill level 10 in Unarmed Combat
 29014 | D:14     | Reached skill level 10 in Spellcasting
 29014 | D:14     | Reached skill level 10 in Evocations
 29277 | D:14     | Found a white marble altar of Elyvilon.
 29602 | D:14     | Found a gate to the Vaults.
 29755 | D:15     | Entered Level 15 of the Dungeon
 29764 | D:15     | Found Gyntavva's Antique Armour Boutique.
 29789 | D:15     | Bought a pair of twisted gloves for 180 gold pieces
 29801 | D:15     | Identified the +3 pair of gloves "Elueq" {rF+ rN+} (You
                  | bought it in a shop on level 15 of the Dungeon)
 29818 | D:15     | Found Weoherch's Assorted Antiques.
 29881 | D:15     | Bought a scroll labeled RIH VOKENNY for 35 gold pieces
 29881 | D:15     | Bought a scroll labeled CAJOER FITY for 35 gold pieces
 29881 | D:15     | Bought a scroll of fog for 70 gold pieces
 30113 | D:15     | Found Qead's Gadget Emporium.
 30116 | D:15     | Found a shadowy altar of Dithmenos.
 30142 | D:15     | Reached XP level 16. HP: 125/125 MP: 30/30
 30802 | D:15     | Paralysed by an orc sorcerer for 3 turns
 31106 | D:15     | Paralysed by a wizard for 3 turns
 31208 | D:15     | Found a staircase to the Depths.
 31258 | D:15     | Found Kyifome's Gadget Boutique.
 31318 | D:15     | Found Ciacuh's Serpentskin Sales.
 31387 | D:15     | Found Ryatawn's Jewellery Shoppe.
 31554 | Orc:1    | Entered Level 1 of the Orcish Mines
 31790 | Orc:2    | Entered Level 2 of the Orcish Mines
 31954 | Orc:2    | Found a roughly hewn altar of Beogh.
 32680 | Orc:2    | Found Piade's Jewellery Boutique.
 32680 | Orc:2    | Found Oqa Xyxkiv's Jewellery Shoppe.
 32682 | Orc:2    | Found Atioziq's Book Emporium.
 32684 | Orc:2    | Found Visuxaf's Weapon Shop.
 32925 | Orc:2    | Found Rulin's Magic Scroll Emporium.
 32935 | Orc:2    | Bought a scroll of teleportation for 54 gold pieces
 32935 | Orc:2    | Bought a scroll of teleportation for 54 gold pieces
 32935 | Orc:2    | Bought a scroll of remove curse for 54 gold pieces
 33094 | Orc:2    | Found a staircase to the Elven Halls.
 33221 | Orc:2    | Bought an uncursed ring of poison resistance for 240 gold
                  | pieces
 33386 | D:4      | Bought the amulet of Tuvebou {Acrobat Str+5 Slay+2 Stlth-}
                  | for 763 gold pieces
 33447 | D:4      | Bought a pair of runed boots for 202 gold pieces
 33614 | Snake:1  | Entered Level 1 of the Snake Pit
 34150 | Snake:1  | Noticed Josephine
 34162 | Snake:1  | Killed Josephine
 34703 | Snake:1  | Found a runed translucent gate.
 34703 | Snake:1  | Found a runed translucent gate.
 34703 | Snake:1  | Found a runed translucent gate.
 34704 | Snake:1  | Noticed Kihiaggiup's ghost (adept HOFi)
 34705 | Snake:1  | Noticed Faexkuc's ghost (adept HOCK)
 35440 | Snake:2  | Reached XP level 17. HP: 84/133 MP: 30/32
 35964 | Snake:2  | Identified the +1 leather armour "Mifyenk" {rN+}
 36573 | Snake:3  | Found Kosiceil's Armour Emporium.
 36796 | Snake:3  | Bought a +0 cloak of magic resistance for 172 gold pieces
 37869 | Snake:4  | Entered Level 4 of the Snake Pit
 38485 | Snake:4  | Found Olil's General Store.
 39221 | Snake:4  | Identified the +2 buckler of Refuge {rPois Int+3}
 39270 | Snake:4  | Reached ****** piety under Ashenzari
 39360 | Snake:4  | Found a runed translucent door.
 39360 | Snake:4  | Found a shimmering altar of Xom.
 39360 | Snake:4  | Noticed kalodont's ghost (adept KoEn)
 39360 | Snake:4  | Identified the +4 battleaxe "Kunig" {chaos, *Corrode rElec
                  | rF+ MR++}
 39361 | Snake:4  | Identified the ring of Ozuschazu {rC+ Dex+4 Stlth-}
 40359 | Snake:4  | Reached skill level 10 in Conjurations
 40359 | Snake:4  | Reached skill level 10 in Hexes
 40359 | Snake:4  | Reached skill level 10 in Charms
 40359 | Snake:4  | Reached skill level 10 in Summonings
 40359 | Snake:4  | Reached skill level 10 in Necromancy
 40359 | Snake:4  | Reached skill level 10 in Translocations
 40359 | Snake:4  | Reached skill level 10 in Transmutations
 40359 | Snake:4  | Reached skill level 10 in Fire Magic
 40359 | Snake:4  | Reached skill level 10 in Ice Magic
 40359 | Snake:4  | Reached skill level 10 in Air Magic
 40359 | Snake:4  | Reached skill level 10 in Earth Magic
 40359 | Snake:4  | Reached skill level 10 in Poison Magic
 40708 | Snake:4  | Reached XP level 18. HP: 141/141 MP: 33/33
 40712 | Snake:4  | Learned a level 2 spell: Blink
 41243 | Snake:4  | Got a serpentine rune of Zot
 41817 | Snake:4  | Identified the cursed -2 cloak "Wuumer" {rElec MR- Int+5
                  | Dex+2} (You found it on level 15 of the Dungeon)
 41932 | Snake:1  | Killed Kihiaggiup's ghost
 41959 | Snake:1  | Killed Faexkuc's ghost
 42201 | D:10     | Killed Tartanist's ghost
 42395 | Shoals:1 | Entered Level 1 of the Shoals
 42403 | Shoals:1 | Found a transporter.
 42759 | Shoals:1 | Identified the amulet of the Cicada {Spirit rPois Str+10
                  | Int+4}
 42759 | Shoals:1 | Found a transporter.
 42761 | Shoals:1 | Identified the amulet "Juejiodo" {Inacc +Blink rElec rPois
                  | Int-4}
 43440 | Shoals:2 | Noticed Jorgrun
 43455 | Shoals:2 | Killed Jorgrun
 43473 | Shoals:2 | Learned a level 5 spell: Silence
 43802 | Shoals:2 | Noticed Louise
 43840 | Shoals:2 | Noticed Kirke
 43845 | Shoals:2 | Killed Louise
 43860 | Shoals:2 | Killed Kirke
 45486 | Shoals:2 | Identified the cursed amulet of Gextuodu {Gourm +Inv rElec
                  | rF- Stlth+} (You acquired it on level 2 of the Shoals)
 45900 | Shoals:3 | Reached XP level 19. HP: 115/149 MP: 35/35
 46499 | Shoals:4 | Entered Level 4 of the Shoals
 46817 | Shoals:4 | Found a transporter.
 46830 | Shoals:4 | Identified the +1 helmet of Prudence {Regen+ Int+2}
 47139 | Shoals:4 | HP: 5/149 [drowned by a water elemental (7)]
 47141 | Shoals:4 | Killed from afar by a merfolk aquamancer

Levels and vault maps discovered:
D:1:      ncdulo_smallfort, layout_basic
D:2:      kennysheep_six_static_rooms, layout_rooms, lexackson_kobold_supper
D:3:      layout_rooms, kennysheep_decorative_pillar
D:4:      layout_basic, gammafunk_temple_overflow_statue, serial_shops,
          shop_coins, nicolae_shop_statue_plus, shop, shop, shop, uniq_pikel
D:5:      layout_loops_corners, first_ration
D:6:      layout_rooms, demons_altar, ebering_ghost_rock_garden
D:7:      layout_loops_cross, minmay_temple_entry_waves, serial_shops,
          nicolae_shop_waterfront, lemuel_oklob_altar
D:8:      layout_rooms, kiku_gazebo_pond_becter
D:9:      layout_rooms, erik_lair_orcish_takeover, orc_0_dummy, enter_bailey_3,
          grunt_livestock
D:10:     layout_irregular_city, gammafunk_ghost_hive
D:11:     layout_roguey, gammafunk_ghost_grave, uniq_grum, uniq_harold,
          uniq_maurice, uniq_gastronok
D:12:     layout_loops_ring, serial_shops, nicolae_shop_statue_plus,
          minmay_gold_behind_fungi, minivault_22, zaba_antful_of_joy
D:13:     layout_basic
D:14:     layout_roguey, skrybe_vaults_entry_preservation, enter_trove_2,
          elyvilon_altar_4
D:15:     grunt_enter_depths_magical_seal, layout_cave_pools, serial_shops,
          shop_fountains, nicolae_shop_behind_doors, nicolae_shop_trees,
          nicolae_shop_crystal, shop_fountains,
          nicolae_dithmenos_through_a_glass_darkly, guppyfry_shop_venom
Temple:   dpeg_five_rooms_temple
Lair:1:   layout_cave_pods, basic_altar
Lair:2:   layout_loops_ring, elwin_shoals_entry_rocks,
          minmay_snake_entry_six_corridors, portal_ice_cave_rime, uniq_nergalle
Lair:3:   layout_regular_city
Lair:4:   layout_cave_pods, minivault_27, lemuel_fruit_tree,
          infiniplex_staircase_pool
Lair:5:   layout_hall_layers
Lair:6:   hangedman_lair_in_review, layout_hall_layers,
          guppyfry_lair_end_dragon, slime_altar_2, enter_volcano_1,
          infiniplex_staircase_pool_2
Shoals:1: gammafunk_its_a_trap, layout_shoals, nicolae_shoals_aquamancer_cove
Shoals:2: layout_shoals, nicolae_shoals_flooded_hall, uniq_louise, uniq_kirke,
          uniq_jorgrun
Shoals:3: cheibrodos_shoals_roost, layout_shoals, abandoned_shop
Shoals:4: shoals_end_simple, layout_shoals, gammafunk_ghost_berserking_beasts,
          overgrown_hall
Snake:1:  layout_basic, gammafunk_ghost_cemetery, grunt_ministairs_3,
          nicolae_snake_lava_pool, uniq_josephine
Snake:2:  layout_basic
Snake:3:  layout_cave_town, serial_shops, nicolae_shop_stone
Snake:4:  snake_pit, layout_layer_cave, serial_shops, shop, ebering_ghost_xom
Orc:1:    layout_diamond_mine
Orc:2:    st_orc_rangers, layout_caves, basic_altar, serial_shops, shop

Skill      XL: |  1  2  3  4  5  6  7  8  9 10 11 12 13 14 15 16 17 18 |
---------------+-------------------------------------------------------+-----
Invocations    | 1 2 3 4 5 6 7 8 9 10 11 12 13 | 13.4
Short Blades   | 1 2 3 4 5 6 7 8 9 10 11 12 | 12.4
Long Blades    | 1 2 3 4 5 6 7 8 9 10 11 12 | 12.4
Maces & Flails | 1 2 3 4 5 6 7 8 9 10 11 12 | 12.4
Polearms       | 1 2 3 4 5 6 7 8 9 10 11 12 | 12.4
Staves         | 1 2 3 4 5 6 7 8 9 10 11 12 | 12.4
Slings         | 1 2 3 4 5 6 7 8 9 10 11 12 | 12.4
Crossbows      | 1 2 3 4 5 6 7 8 9 10 11 12 | 12.4
Dodging        | 1 2 3 4 5 6 7 8 9 10 11 12 | 12.4
Shields        | 1 2 3 4 5 6 7 8 9 10 11 12 | 12.4
Unarmed Combat | 1 2 3 4 5 6 7 8 9 10 11 12 | 12.4
Spellcasting   | 1 2 3 4 5 6 7 8 9 10 11 12 | 12.4
Evocations     | 1 2 3 4 5 6 7 8 9 10 11 12 | 12.4
Conjurations   | 1 2 3 4 5 6 7 8 9 10 | 10.7
Hexes          | 1 2 3 4 5 6 7 8 9 10 | 10.7
Charms         | 1 2 3 4 5 6 7 8 9 10 | 10.7
Summonings     | 1 2 3 4 5 6 7 8 9 10 | 10.7
Necromancy     | 1 2 3 4 5 6 7 8 9 10 | 10.7
Translocations | 1 2 3 4 5 6 7 8 9 10 | 10.7
Transmutations | 1 2 3 4 5 6 7 8 9 10 | 10.7
Fire Magic     | 1 2 3 4 5 6 7 8 9 10 | 10.7
Ice Magic      | 1 2 3 4 5 6 7 8 9 10 | 10.7
Air Magic      | 1 2 3 4 5 6 7 8 9 10 | 10.7
Earth Magic    | 1 2 3 4 5 6 7 8 9 10 | 10.7
Poison Magic   | 1 2 3 4 5 6 7 8 9 10 | 10.7
Throwing       | 3 4 5 6 7 8 9 10 11 12 | 12.7
Fighting       | 5 6 7 8 9 10 11 12 13 | 13.1
Axes           | 5 6 7 8 9 10 11 12 13 | 13.1
Bows           | 5 6 7 8 9 10 11 12 13 | 13.1
Armour         | 5 6 7 8 9 10 11 12 13 | 13.1
Stealth        | 3 4 5 6 7 8 9 10 11 12 | 12.6

Action                   |  1- 3 |  4- 6 |  7- 9 | 10-12 | 13-15 | 16-18 | 19-21 || total
-------------------------+-------+-------+-------+-------+-------+-------+-------++-------
Melee: Hand axe          |   118 |   193 |    27 |       |       |       |       ||   338
       Bite              |    13 |    22 |    77 |   188 |   390 |   343 |    19 ||  1052
       Short sword       |       |    23 |   537 |   503 |    61 |       |       ||  1124
       Punch             |       |       |     1 |       |       |       |       ||     1
       Scimitar          |       |       |       |   813 |  2132 |   594 |       ||  3539
       Flail             |       |       |       |    16 |   147 |       |       ||   163
       Broad axe         |       |       |       |       |       |  1449 |   125 ||  1574
Throw: Stone             |       |       |       |       |    11 |       |       ||    11
       Javelin           |       |       |       |       |     7 |       |       ||     7
Invok: Curse Item        |       |       |     1 |     1 |     2 |     3 |       ||     7
Evoke: Wand              |       |       |       |       |    11 |     3 |       ||    14
  Use: Scroll            |       |       |    18 |     6 |     8 |     2 |     2 ||    36
       Potion            |       |       |       |     1 |     3 |       |     1 ||     5
 Stab: Sleeping          |     4 |       |       |       |       |       |       ||     4
       Confused          |       |       |       |       |     1 |       |       ||     1
  Eat: Chunk             |       |     5 |    12 |    13 |    31 |     3 |     1 ||    65
       Ration            |       |       |     1 |     3 |    10 |    14 |     1 ||    29
Armor: Robe              |    12 |       |       |       |       |       |       ||    12
       Plate armour      |    27 |   157 |   284 |   733 |   667 |       |       ||  1868
       Crystal plate arm |       |       |       |       |   550 |  1009 |   128 ||  1687
Dodge: Dodged            |    60 |    65 |   104 |   391 |   651 |   711 |    85 ||  2067
Block: Shield            |       |       |   290 |  1143 |  1831 |  1912 |   152 ||  5328
       Rpst.: Scimitar   |       |       |       |    59 |   141 |    32 |       ||   232
